 Dungeon Crawl Stone Soup version 0.30-a0-758-gc2c871d025 (console) character file.

Game seed: 16905341563842362869

338 Ignak the Ogre Mage (level 6, -6/59 HPs)
             Began as an Ogre Hedge Wizard on Feb 10, 2023.
             Mangled by Edmund
             ... wielding a +3 heavy flail
              (14 damage)
             ... on level 4 of the Dungeon.
             The game lasted 00:10:48 (3215 turns).

Ignak the Ogre Mage (Ogre Hedge Wizard)             Turns: 3215, Time: 00:10:48

Health: -6/59      AC:  4    Str: 17    XL:     6   Next: 55%
Magic:  6/12       EV: 10    Int: 15    God:
Gold:   121        SH:  0    Dex:  8    Spells: 2/13 levels left

rFire   . . .      SeeInvis .    w - +1 whip of Xeich {freeze, Will+}
rCold   . . .      Faith    .    (no shield)
rNeg    + . .      Spirit   .    v - +1 robe of Paranoia {Rampage}
rPois   .          Reflect  .    c - +0 hat
rElec   .          Harm     .    (no cloak)
rCorr   .          Rampage  +    (gloves unavailable)
Will    +....                    (boots unavailable)
Stlth   +                        (no amulet)
HPRegen 0.29/turn                j - ring of positive energy
MPRegen 0.13/turn                (no ring)

@: no status effects
A: large, unfitting armour, tough skin 1
a: no special abilities


You were on level 4 of the Dungeon.
You visited 1 branch of the dungeon, and saw 4 of its levels.

You collected 246 gold pieces.
You spent 125 gold pieces at shops.

Inventory:

Hand Weapons
 f - a +0 mace of protection
 t - a +0 war axe
 w - the +1 whip of Xeich (weapon) {freeze, Will+}
   (You found it on level 3 of the Dungeon)

   Will:      It increases your willpower.
Armour
 c - a +0 hat (worn)
 v - the +1 robe of Paranoia (worn) {Rampage}
   (You bought it in a shop on level 3 of the Dungeon)

   Rampage:   It bestows one free step when moving towards enemies.
Magical Staves
 s - a staff of air
Jewellery
 j - a ring of positive energy (left hand)
 o - a ring of see invisible
Scrolls
 a - 3 scrolls of amnesia {unknown}
 e - 7 scrolls of identify {unknown}
 g - a scroll of vulnerability {unknown}
 h - a scroll of enchant armour {unknown}
 k - 2 scrolls of magic mapping {unknown}
 m - a scroll of silence {unknown}
 p - a scroll of fog {unknown}
 q - a scroll of blinking {unknown}
 r - a scroll of poison {unknown}
Potions
 b - a potion of haste {unknown}
 d - 4 potions of magic
 i - 2 potions of heal wounds
 l - a potion of degeneration {unknown}
 n - a potion of ambrosia {unknown}
 u - 2 potions of curing {unknown}
 x - 2 potions of cancellation {unknown}


   Skills:
 + Level 2.7 Fighting
 + Level 1.7 Axes
 + Level 1.7 Armour
 + Level 2.6 Dodging
 - Level 1.5 Stealth
 + Level 4.3 Spellcasting
 + Level 2.0 Conjurations
 - Level 0.8 Summonings
 + Level 2.0 Translocations
 + Level 1.2 Air Magic
 + Level 1.2 Poison Magic


You had 2 spell levels left.
You knew the following spells:

 Your Spells              Type           Power      Damage    Failure   Level
a - Magic Dart            Conj           36%        1d4       8%          1
b - Blink                 Tloc           18%        N/A       12%         2
c - Vampiric Draining     Necr           3%         2d6       47%         3
d - Mephitic Cloud        Conj/Pois/Air  7%         N/A       28%         3
e - Call Imp              Summ           5%         N/A       19%         2

Your spell library contained the following spells:

 Spells                   Type           Power      Damage    Failure   Level
 Apportation              Tloc           18%        N/A       8%          1
 Slow                     Hex            12%        N/A       19%         1
 Cigotuvi's Dreadful Rot  Necr/Pois/Air  10%        N/A       19%         2
 Confusing Touch          Hex            3%         N/A       47%         3
 Alistair's Intoxication  Tmut/Pois      3%         N/A       98%         5


Dungeon Overview and Level Annotations

Branches:
Dungeon (4/15)
 Temple: D:4-7

Altars:
Elyvilon
Hepliaklqana
Qazlal

Shops:
D:1 [   D:3 [[[

Annotations:
D:4 Edmund


Innate Abilities, Weirdness & Mutations

You are too large for most types of armour.
You have tough skin. (AC +1)


Message History

Your crimson imp disappears in a puff of smoke!
The adder is engulfed in noxious fumes.
The adder appears confused.
The adder barely misses your white imp.
The adder is engulfed in noxious fumes.
The adder appears confused.
You barely miss the adder.
The adder is moderately wounded.
The adder is engulfed in noxious fumes.
The adder appears confused.
Your white imp hits the adder.
Your white imp freezes the adder.
The adder seems to slow down.
You hit the adder. You freeze the adder.
You kill the adder!
What are your orders? t - Shout!
Orders for allies: a - Attack new target. r - Retreat! s - Stop attacking. g - Guard the area. f - Follow me.
Anything else - Cancel.
Gang up on whom?
Press: ? - help, Dir - move target, f - Edmund
Aim: Edmund, wielding a +3 heavy flail and wearing a +2 chain mail of cold resistance (lightly wounded, confused, ally target) Attack!
You feel stable enough to blink again.
The hound pauses to sniff the ground.
Your white imp hits Edmund.
Your white imp freezes Edmund.
Edmund resists.
You rampage towards Edmund!
You barely miss Edmund.
Edmund is lightly wounded.
Edmund hits you with a +3 heavy flail!
* * * LOW HITPOINT WARNING * * *
Your white imp hits Edmund but does no damage.
You hit Edmund but do no damage.
Edmund is lightly wounded.
The hound bites your white imp.
You hit Edmund.
Edmund is lightly wounded.
Edmund seems less confused.
Edmund hits you with a +3 heavy flail.
* * * LOW HITPOINT WARNING * * *
The hound bites your white imp.
Your white imp hits Edmund but does no damage.
Edmund attacks as you move away! Edmund hits you with a +3 heavy flail!
You die...

............## ##..............
.##........## ##..........?..
###.........## ##..............
##...........#####......#....###.
........#......#......###5.###
...#...##...#.......####....##
...#..###..###...h†####......#
#.....# #..# ##@5.####.......#
#....## #..# ##@.###.....#...#
#....# #..# #..#...#....##..#
.#†..# #..# #.†...###...# #...
.....# #... #.....# ##..# ...
.....# ....# #......# ##..# ..
.....## ..#.....#...# ..#
......##.........###...# #..#
.###........#....# ##..# .. ##
####....##....# #..#


You could see Edmund (ally target), a hound and a friendly white imp (summoned).

Vanquished Creatures
  An orc priest (D:3)
  An iguana (D:4)
  2 orc wizards (D:3)
  2 adders
  2 dart slugs
  An orc (D:3)
  7 bats
  6 endoplasms
  3 giant cockroaches
  5 goblins
  6 hobgoblins
  A jackal (D:4)
  4 kobolds
  2 quokkas
  5 ball pythons
  5 frilled lizards
  4 rats
57 creatures vanquished.

Vanquished Creatures (collateral kills)
  2 scorpions (D:4)
  An iguana (D:3)
  A worm (D:2)
  An endoplasm (D:3)
  A giant cockroach (D:1)
  A jackal (D:4)
  A rat (D:1)
8 creatures vanquished.

Grand Total: 65 creatures vanquished

Notes
Turn   | Place    | Note
-------+----------+-------------------------------------------
     0 | D:1      | Ignak the Ogre Hedge Wizard began the quest for the Orb.
     0 | D:1      | Reached XP level 1. HP: 16/16 MP: 5/5
    94 | D:1      | Found Rehof's Antique Armour Boutique.
   108 | D:1      | Reached skill level 1 in Conjurations
   108 | D:1      | Reached skill level 1 in Translocations
   119 | D:1      | Reached XP level 2. HP: 24/26 MP: 1/6
   125 | D:1      | Learned a level 2 spell: Blink
   128 | D:1      | Learned a level 2 spell: Call Imp
   233 | D:1      | Reached skill level 1 in Fighting
   556 | D:1      | Reached XP level 3. HP: 31/33 MP: 8/8
   828 | D:2      | Found a stormy altar of Qazlal.
  1571 | D:2      | Learned a level 3 spell: Mephitic Cloud
  1596 | D:3      | Found Illoiwn Conn's Antique Armour Shop.
  1618 | D:3      | Found Utripnosy's Antique Armour Shop.
  1634 | D:3      | Reached XP level 4. HP: 42/42 MP: 6/9
  1807 | D:3      | Reached skill level 1 in Armour
  1811 | D:3      | Reached skill level 1 in Axes
  1811 | D:3      | Reached skill level 4 in Spellcasting
  1818 | D:3      | Reached XP level 5. HP: 23/49 MP: 8/11
  1926 | D:3      | Bought a slimy robe for 125 gold pieces
  1926 | D:3      | Identified the +1 robe of Paranoia {Rampage} (You bought it
                  | in a shop on level 3 of the Dungeon)
  1956 | D:3      | Found a hazy altar of Hepliaklqana.
  2030 | D:3      | Found Keumets's Antique Armour Boutique.
  2435 | D:3      | Found a white marble altar of Elyvilon.
  2449 | D:3      | Identified the +1 whip of Xeich {freeze, Will+}
  2789 | D:4      | Reached skill level 1 in Air Magic
  2789 | D:4      | Reached skill level 1 in Poison Magic
  2789 | D:4      | Reached XP level 6. HP: 42/59 MP: 10/12
  2951 | D:4      | Learned a level 3 spell: Vampiric Draining
  3161 | D:4      | Noticed Edmund
  3215 | D:4      | Mangled by Edmund

Illustrated notes

Levels and vault maps discovered:
D:1:      eino_arrival_water_star, layout_basic, serial_shops, shop_statue,
          minmay_curled_crystal, feat_on_display
D:2:      layout_basic, basic_altar, kennysheep_generic_room_12
D:3:      layout_basic, elyvilon_altar_3,
          mainiacjoe_overflow_concentric_impassable, serial_shops,
          nicolae_diamond_shop, shop_coins, nicolae_shop_waterfront,
          guppyfry_early_lair_pool
D:4:      layout_layer_cave, nicolae_gozag_seed_capital,
          mainiacjoe_overflow_alcove_2, nicolae_shop_firing_range, uniq_edmund,
          uniq_sigmund, uniq_duvessa

Skill      XL: |  1  2  3  4  5  6 |
---------------+-------------------+-----
Conjurations   | 1 2 |  2.0
Translocations | 1 2 |  2.0
Fighting       | 1 2 |  2.7
Dodging        | 2 |  2.6
Armour         | 1 |  1.7
Axes           | 1 |  1.7
Spellcasting   | 4 |  4.3
Air Magic      | 1 |  1.2
Poison Magic   | 1 |  1.2
Stealth        | |  1.5
Summonings     | |  0.8

Action                     |  1- 3 |  4- 6 || total
---------------------------+-------+-------++-------
  Melee: Dagger            |    17 |       ||    17
         Punch             |     1 |     1 ||     2
         Mace              |   109 |    54 ||   163
         Whip              |       |    48 ||    48
   Cast: Magic Dart        |     9 |     1 ||    10
         Call Imp          |     5 |    12 ||    17
         Mephitic Cloud    |       |     5 ||     5
         Blink             |       |     5 ||     5
    Use: Potion            |       |     2 ||     2
   Stab: Confused          |       |     2 ||     2
         Sleeping          |       |     1 ||     1
         Distracted        |       |     1 ||     1
 Armour: Robe              |    61 |    34 ||    95
  Dodge: Dodged            |    62 |    58 ||   120

Table legend: (Time is in decaauts)
 A = Elapsed time spent in this place.
 B = Non-inter-level travel time spent in this place.
 C = Inter-level travel time spent in this place.
 D = Time resting spent in this place.
 E = Time spent auto-exploring this place.
 F = Levels seen in this place.
 G = Mean time per level.
                   A        B        C        D        E       F      G
               +--------+--------+--------+--------+--------+-----+--------+
         Total |   3281 |   3187 |     94 |    192 |   1880 |   4 |  820.2 |
       Dungeon |   3281 |   3187 |     94 |    192 |   1880 |   4 |  820.2 |
               +--------+--------+--------+--------+--------+-----+--------+

Top non-repeatable levels by time:
     D:3: 1241 daAuts
     D:1: 817 daAuts
     D:2: 814 daAuts
     D:4: 407 daAuts
